 Dungeon Crawl Stone Soup version 0.25.1-2-g60ff931df9 (webtiles) character file.

Game seed: 15129901731300805455

5550 Acheron the Cleaver (level 10, -1/60 HPs)
             Began as a Gargoyle Abyssal Knight on Aug 23, 2020.
             Was an Elder of Lugonu.
             Slain by a wolf (6 damage)
             ... on level 3 of the Lair of Beasts.
             The game lasted 01:09:58 (12251 turns).

Acheron the Cleaver (Gargoyle Abyssal Knight)      Turns: 12251, Time: 01:09:59

Health: -1/60      AC: 18    Str: 16    XL:     10   Next: 71%
Magic:  21/21      EV: 14    Int: 13    God:    Lugonu [****..]
Gold:   649        SH:  0    Dex: 12    Spells: 6/12 levels left

rFire    . . .     SeeInvis .   w - +3 war axe (vorpal)
rCold    . . .     Gourm    .   (no shield)
rNeg     + . .     Faith    .   I - +2 steam dragon scales
rPois    ∞         Spirit   .   (no helmet)
rElec    +         Reflect  .   (no cloak)
rCorr    .         Harm     .   z - +0 pair of gloves
MR       .....                  F - +0 pair of boots
Stlth    ++++......             (no amulet)
HPRegen  0.20/turn              v - ring of stealth
MPRegen  0.17/turn              R - ring of magical power

@: no status effects
A: negative energy resistance 1, electricity resistance, unbreathing,
petrification resistance, rot immunity, AC +7
a: Depart the Abyss, Bend Space, Banish, Corrupt, Renounce Religion


You were on level 3 of the Lair of Beasts.
You worshipped Lugonu.
Lugonu was greatly pleased with you.
You were not hungry.

You visited 3 branches of the dungeon, and saw 15 of its levels.
You visited the Abyss 1 time.

You collected 740 gold pieces.
You spent 91 gold pieces at shops.

Inventory:

Hand Weapons
 a - a +3 flail
 m - a +2 dagger of speed
 s - a +4 short sword
 w - a +3 vorpal war axe (weapon)
 x - a +0 halberd of flaming
 y - a +1 short sword of flaming
 L - a +1 rapier of protection
 M - a +0 trident of venom
Missiles
 b - 6 boomerangs
 d - 144 stones
 l - 20 javelins (quivered)
 n - 6 atropa-tipped darts
 p - 48 poisoned darts
 B - 68 sling bullets
 Q - 8 boomerangs of dispersal
Armour
 u - a +2 leather armour of magic resistance
 z - a +0 pair of gloves (worn)
 F - a +0 pair of boots (worn)
 I - +2 steam dragon scales (worn)
 N - a cursed +0 kite shield
Jewellery
 g - an uncursed ring of ice
 v - a ring of stealth (left hand)
 K - an uncursed amulet of magic regeneration
 R - a ring of magical power (right hand)
Wands
 E - a wand of digging (4)
 G - a wand of random effects (31)
 P - a wand of acid (11)
 T - a wand of paralysis (8)
Scrolls
 f - 2 scrolls of fog
 k - 2 scrolls of remove curse
 D - a scroll of teleportation
 S - a scroll of magic mapping
Potions
 e - 2 potions of flight
 h - 3 potions of heal wounds
 i - a potion of brilliance
 j - 3 potions of lignification
 o - 4 potions of curing
 q - a potion of ambrosia
 r - 3 potions of resistance
 t - 3 potions of invisibility
 A - 2 potions of magic
 C - a potion of berserk rage {unknown}
 H - 2 potions of stabbing
 O - a potion of haste {unknown}
Miscellaneous
 J - a phial of floods
Comestibles
 c - 11 rations
 U - 3 chunks of flesh


   Skills:
 * Level 5.9 Fighting
 + Level 0.1 Short Blades
 * Level 9.2(9.3) Axes
 + Level 2.2(6.7) Maces & Flails
 * Level 4.5 Throwing
 * Level 5.7 Armour
 * Level 4.1 Dodging
 * Level 5.6 Stealth
 * Level 1.4 Shields
 * Level 1.8 Spellcasting
 * Level 1.1 Translocations
 * Level 3.2 Invocations
 * Level 1.8 Evocations


You had 6 spell levels left.
You knew the following spells:

 Your Spells              Type           Power        Failure   Level  Hunger
a - Gell's Gravitas       Tloc           #.........   43%         3    ####...
b - Confusing Touch       Hex            #.......     61%         3    ####...

Your spell library contained the following spells:

 Spells                   Type           Power        Failure   Level  Hunger
 Freeze                   Ice            #...         26%         1    ##.....
 Frozen Ramparts          Ice            #.....       61%         3    ####...
 Ozocubu's Armour         Chrm/Ice       #.......     61%         3    ####...
 Hailstorm                Conj/Ice       #.......     95%         4    #####..
 Petrify                  Tmut/Erth      #.......     95%         4    #####..
 Summon Ice Beast         Ice/Summ       #.......     95%         4    #####..
 Metabolic Englaciation   Hex/Ice        #.........   100%        5    ######.
 Yara's Violent Unravell  Hex/Tmut       #.........   100%        5    ######.


Dungeon Overview and Level Annotations

Branches:
Dungeon (10/15)            Temple (1/1) D:6            Lair (4/6) D:10
  Swamp (0/4) Lair:3        Snake (0/4) Lair:4
    Orc: D:9-12

Altars:
Ashenzari
Elyvilon
Fedhas
Gozag
Hepliaklqana
Kikubaaqudgha
Nemelex Xobeh
Okawaru
Qazlal
Ru
Sif Muna
Trog
Uskayaw
Vehumet
Wu Jian
Xom
Yredelemnul
Zin
The Shining One

Shops:
D:5 (   D:8 *

Annotations:
D:5 exclusion: downstairs
D:6 exclusion: downstairs, Blork the orc; Grinder; Prince Ribbit
D:7 2 transporters, Venard's ghost, novice MfSk
D:8 exclusion: downstairs
D:10 exclusion: upstairs
Lair:3 3 runed translucent doors, Oluanan's ghost, journeyman DsFi
Lair:4 Sonja


Innate Abilities, Weirdness & Mutations

You are resistant to torment.
Your stone body is resilient. (AC +7)
You are immune to poison.
You resist negative energy. (rN+)
You are resistant to electric shocks. (rElec)
You can survive without breathing.
You are immune to petrification.
You are immune to rotting.


Message History

You kill the wolf!
Lugonu accepts your kill. The wolf misses you.
You barely miss the wolf. The wolf completely misses you.
You barely miss the wolf. The wolf bites you but does no damage.
The wolf bites you!
* * * LOW HITPOINT WARNING * * *
You hit the wolf.
The wolf is moderately wounded.
The wolf closely misses you. The wolf bites you but does no damage.
You slash the wolf!
The wolf is almost dead.
The wolf closely misses you. The wolf bites you!
* * * LOW HITPOINT WARNING * * *
You miss the wolf.
The wolf is almost dead.
The wolf bites you.
* * * LOW HITPOINT WARNING * * *
The wolf bites you.
You die...

...##P...####..##....###..#
...........................
...#.#.........P###........
..####........####...h.....
..# ##.#..#..## #.........
.## #..###...# ##........
.######.####..## #........
.#..P#..##.....####........
.......>........@h......P..
##.###.#.##P#.P.##†#..#P##.
### ####################


You could see a wolf.

Vanquished Creatures
  A spiny frog (Lair:4)
  A yak (Lair:3)
  2 basilisks (Lair:3)
  A wyvern (D:8)
  A hungry ghost (D:7)
  A steam dragon (D:8)
  2 wargs (D:10)
  2 water moccasins (Lair:3)
  2 porcupines
  3 orc warriors
  A sky beast (D:5)
  A necrophage (D:7)
  4 centaurs
  8 wolves
  2 ogres
  A crocodile (D:7)
  A big kobold (D:7)
  3 bullfrogs
  A wyvern zombie (D:8)
  2 scorpions
  4 wights (D:6)
  2 howler monkeys (D:4)
  4 crimson imps
  A quasit (D:4)
  2 centaur zombies (D:5)
  A bullfrog zombie (D:7)
  2 jellies
  10 orc wizards
  3 orc priests
  5 hounds
  Jessica (D:3)
  2 iguanas
  Natasha (thrice) (D:3)
  7 worker ants
  A worker ant zombie (D:6)
  3 gnolls (D:2)
  14 adders
  An adder zombie (D:5)
  An adder skeleton (D:4)
  5 worms
  3 dart slugs
  8 leopard geckos
  30 orcs
  4 bats
  6 giant cockroaches
  7 goblins
  9 hobgoblins
  2 jackals (D:5)
  13 kobolds
  10 quokkas
  8 frilled lizards
  A giant cockroach zombie (D:5)
  6 rats
219 creatures vanquished.

Vanquished Creatures (others)
  6 fungi
  2 plants
8 creatures vanquished.

Grand Total: 227 creatures vanquished

Notes
Turn   | Place    | Note
-------+----------+-------------------------------------------
     0 | Abyss:1  | Acheron the Gargoyle Abyssal Knight began the quest for the
                  | Orb.
     0 | Abyss:1  | Reached XP level 1. HP: 14/14 MP: 2/2
    14 | Abyss:2  | Noticed a wretched star
    45 | D:1      | Escaped the Abyss
   157 | D:1      | Reached * piety under Lugonu
   162 | D:1      | Reached XP level 2. HP: 6/13 MP: 2/2
   936 | D:3      | Noticed Natasha
   950 | D:3      | Killed Natasha
   950 | D:3      | Reached skill level 1 in Dodging
   950 | D:3      | Reached XP level 3. HP: 5/16 MP: 3/3
  1929 | D:1      | You fall into a shaft and drop 1 floor!
  1936 | D:2      | Reached skill level 1 in Axes
  1936 | D:2      | Reached skill level 1 in Throwing
  1936 | D:2      | Reached XP level 4. HP: 6/20 MP: 4/4
  2188 | D:2      | Reached skill level 1 in Stealth
  2832 | D:2      | Reached XP level 5. HP: 16/26 MP: 5/5
  3119 | D:2      | Reached skill level 2 in Axes
  3436 | D:3      | Reached ** piety under Lugonu
  3600 | D:3      | Noticed Natasha
  3894 | D:3      | Reached XP level 6. HP: 29/30 MP: 6/6
  3949 | D:3      | Killed Natasha
  3999 | D:5      | Entered Level 5 of the Dungeon
  4126 | D:3      | Noticed Jessica
  4130 | D:3      | You fall into a shaft and drop 1 floor!
  4232 | D:4      | Reached skill level 3 in Axes
  4474 | D:4      | Reached XP level 7. HP: 21/43 MP: 8/8
  4793 | D:4      | Reached skill level 4 in Axes
  5476 | D:3      | Killed Jessica
  5540 | D:3      | Noticed Natasha
  5549 | D:3      | Killed Natasha
  5913 | D:5      | Found an opulent altar of Gozag.
  5978 | D:5      | Found Doenotud's Antique Weapon Emporium.
  6051 | D:5      | Reached skill level 5 in Axes
  6087 | D:5      | Reached XP level 8. HP: 46/48 MP: 9/9
  6200 | D:5      | Reached *** piety under Lugonu
  6478 | D:5      | Reached skill level 6 in Axes
  6548 | D:6      | Found a staircase to the Ecumenical Temple.
  6557 | Temple   | Entered the Ecumenical Temple
  6844 | D:6      | Found a shattered altar of Ashenzari.
  6903 | D:6      | Reached XP level 9. HP: 44/52 MP: 10/10
  6950 | D:7      | Reached skill level 7 in Axes
  7186 | D:6      | Reached skill level 5 in Armour
  7341 | D:6      | Noticed Grinder
  7710 | D:8      | Reached skill level 5 in Fighting
  8119 | D:8      | Found Keiwunil's General Store.
  8209 | D:7      | Found a transporter.
  8210 | D:7      | Noticed a moth of wrath
  8218 | D:7      | Found a transporter.
  8222 | D:7      | Noticed Venard's ghost (novice MfSk)
  8294 | D:6      | Noticed Prince Ribbit
  8410 | D:6      | Noticed Blork the orc
  8542 | D:7      | Reached skill level 8 in Axes
  8682 | D:7      | Reached **** piety under Lugonu
  9222 | D:8      | Bought a scroll of identify for 26 gold pieces
  9222 | D:8      | Bought a potion of heal wounds for 65 gold pieces
  9543 | D:10     | Entered Level 10 of the Dungeon
  9615 | D:10     | Found a staircase to the Lair.
  9615 | D:10     | Noticed a death yak
  9658 | D:10     | Noticed a death yak
  9659 | D:10     | Noticed a death yak
  9778 | D:9      | Found a hazy altar of Hepliaklqana.
  9849 | D:10     | Reached skill level 5 in Stealth
  9849 | D:10     | Reached XP level 10. HP: 41/59 MP: 11/11
 10213 | D:10     | Reached skill level 1 in Spellcasting
 10219 | D:10     | Reached skill level 1 in Evocations
 10613 | Lair:1   | Entered Level 1 of the Lair of Beasts
 10645 | Lair:1   | Learned a level 3 spell: Gell's Gravitas
 10649 | Lair:1   | Learned a level 3 spell: Confusing Touch
 10866 | Lair:3   | Noticed a spiny frog
 10995 | Lair:3   | Found a staircase to the Swamp.
 11029 | Lair:3   | Found a runed translucent gate.
 11029 | Lair:3   | Found a runed translucent gate.
 11029 | Lair:3   | Found a runed translucent gate.
 11033 | Lair:3   | Noticed a spiny frog
 11033 | Lair:3   | Noticed a five-headed hydra
 11034 | Lair:3   | Noticed a minotaur
 11037 | Lair:3   | Noticed Oluanan's ghost (journeyman DsFi)
 11164 | Lair:4   | Noticed a spiny frog
 11229 | Lair:4   | Noticed a seven-headed hydra
 11250 | Lair:4   | Noticed an elephant
 11250 | Lair:4   | Noticed an elephant
 11250 | Lair:4   | Noticed an elephant
 11251 | Lair:4   | Noticed Sonja
 11276 | Lair:4   | Noticed an elephant
 11276 | Lair:4   | Noticed an elephant
 11722 | Lair:4   | Found a staircase to the Snake Pit.
 11756 | Lair:4   | Reached skill level 9 in Axes
 11765 | Lair:4   | Reached skill level 1 in Shields
 11906 | Lair:4   | Killed a spiny frog
 12231 | Lair:3   | Reached skill level 1 in Translocations
 12251 | Lair:3   | Slain by a wolf

Illustrated notes

Levels and vault maps discovered:
D:1:      psy_arrival_whirlpool, layout_basic, minmay_split_cup_large
D:2:      layout_rooms, minmay_pentomino_r4
D:3:      layout_loops_cross, lightli_corner_chamber, uniq_natasha, uniq_jessica
D:4:      layout_basic, first_ration
D:5:      cheibrodos_fzero, layout_basic, old_standard_altar, serial_shops,
          kennysheep_little_box
D:6:      layout_basic, evilmike_ruin_ashenzari,
          minmay_temple_entry_statues_fountains, uniq_blork_the_orc,
          uniq_prince_ribbit1, uniq_grinder
D:7:      layout_cave_pools, gammafunk_ghost_berserking_beasts, serial_rivers,
          chequers_serial_rivers_micro_d, chequers_serial_rivers_micro_d,
          chequers_serial_rivers_marsh, chequers_serial_rivers_micro_a,
          chequers_serial_rivers_micro_d, chequers_serial_rivers_micro_d
D:8:      layout_layer_cave, serial_shops, shop
D:9:      layout_roguey, makhleb_blood_cavern_becter,
          nicolae_overflow_hidden_temple, minitemple, kennysheep_generic_room_7
D:10:     layout_loops_ring, dpeg_lair_monsters, orc_0_dummy, nooodl_orcs_dogs
Temple:   regret_index_temple_sphere_string
Lair:1:   layout_chaotic_city, grunt_megastairs_4
Lair:2:   layout_long_grid
Lair:3:   layout_small_grid, minmay_swamp_entry_swarm,
          maelrawn_ghost_gauntlet_escape
Lair:4:   beast_lair_carwin_large_3, layout_layer_cave,
          guppyfry_snake_entry_island, gauntlet_entry_generic, uniq_sonja

Skill      XL: |  1  2  3  4  5  6  7  8  9 10 |
---------------+-------------------------------+-----
Dodging        | 1 2 3 4 |  4.1
Axes           | 1 2 3 5 6 8 9 |  9.2
Throwing       | 1 2 3 4 |  4.5
Stealth        | 1 2 3 5 |  5.6
Fighting       | 4 5 |  5.9
Armour         | 3 4 5 |  5.7
Spellcasting   | 1 |  1.8
Evocations     | 1 |  1.8
Invocations    | 3 |  3.2
Shields        | 1 |  1.4
Translocations | 1 |  1.1
Short Blades   | |  0.1
Maces & Flails | |  2.2

Action                   |  1- 3 |  4- 6 |  7- 9 | 10-12 || total
-------------------------+-------+-------+-------+-------++-------
Melee: Mace              |    31 |       |       |       ||    31
       War axe           |    48 |   172 |   336 |   133 ||   689
       Dagger            |       |       |     2 |       ||     2
Throw: Dart              |     2 |    35 |    13 |     3 ||    53
       Javelin           |       |       |       |     5 ||     5
Invok: Depart the Abyss  |     1 |       |       |       ||     1
       Bend Space        |       |     2 |     1 |       ||     3
Evoke: Wand              |       |       |       |     2 ||     2
  Use: Scroll            |     4 |     9 |    17 |     2 ||    32
       Potion            |       |     1 |     3 |       ||     4
 Stab: Sleeping          |       |     1 |     6 |     2 ||     9
       Distracted        |       |       |     1 |       ||     1
  Eat: Chunk             |     1 |     7 |    12 |     2 ||    22
       Ration            |     1 |       |     3 |     1 ||     5
Armor: Leather armour    |    40 |    79 |   148 |       ||   267
       Steam dragon scal |       |       |    42 |    66 ||   108
       Skin              |       |       |     4 |       ||     4
Dodge: Dodged            |    61 |   111 |   287 |   102 ||   561
